AoeStats
← CDS95

Arena

510144229Analyzed
2v2 RM · 2d ago on Sep 29, 2026· 42m 58s· 4 players
Game mode
Random Map
Map size
Medium (4 player)
Population
200
Speed
Normal
Resources
Standard
Victory
Conquest
Starting age
Dark Age
Ending age
Imperial Age
RankedLock teamsTeams togetherTeam positionsShared explorationLock speedFull tech treeHidden civsTurbo modeCheats
Victory
Defeat
🇪🇸 Spanish · Spain
1003
+12
🇪🇸 Poles · Spain
1000
+12
🇺🇸 Britons · United States
960
-14
🇧🇴 Turks · Bolivia
866
-10
Rolillo
6:52 Loom
11:14 Feudal Age
17:07 Castle Age
15:16 Horse Collar
16:41 Fletching
17:10 Double-Bit Axe
18:22 Bow Saw
19:08 Loom
19:36 Heavy Plow
20:01 Crossbowman
22:50 Padded Archer Armor
22:48 Gold Mining
23:13 Bodkin Arrow
25:40 Wheelbarrow
26:57 Leather Archer Armor
27:06 Ballistics
27:29 Gold Shaft Mining
28:00 Elite Skirmisher
29:16 Town Watch
30:08 Gambesons
30:23 Squires
29:44 Pikeman
30:40 Arson
32:31 Scale Mail Armor
32:42 Forging
34:13 Chain Mail Armor
40:44 Imperial Age
Alvaro_Ri
12:19 Feudal Age
17:03 Castle Age
22:12 Imperial Age
25:04 Double-Bit Axe
27:10 Wheelbarrow
31:20 Bow Saw
30:52 Horse Collar
33:10 Ballistics
Pat
11:30 Feudal Age
15:22 Castle Age
13:41 Horse Collar
14:56 Double-Bit Axe
15:42 Loom
20:52 Gold Mining
32:54 Imperial Age
32:24 Wheelbarrow
33:29 Bow Saw
33:23 Heavy Plow
33:53 Padded Archer Armor
34:19 Hand Cart
44:32 Chemistry
CDS95
12:16 Feudal Age
16:15 Castle Age
15:54 Double-Bit Axe
15:51 Horse Collar
17:36 Heavy Plow
20:37 Bow Saw
22:09 Wheelbarrow
23:14 Gold Mining
27:21 Imperial Age
25:58 Szlachta Privileges
26:49 Bloodlines
26:40 Husbandry
26:57 Forging
26:53 Scale Barding Armor
26:42 Pikeman
27:22 Squires
27:24 Loom
29:30 Conscription
29:04 Stone Mining
30:22 Conscription
31:12 Chain Barding Armor
31:55 Hand Cart
32:30 Crop Rotation
32:09 Cavalier
32:56 Arson
33:28 Scale Mail Armor
34:05 Iron Casting
33:16 Man-at-Arms
37:44 Long Swordsman
39:25 Two-Handed Swordsman
Connection lost

Rejoining the realm…

Still unreachable

The connection could not be restored.

Session expired

The server has moved on; the page needs a fresh start.